 Dungeon Crawl Stone Soup version 0.30-a0-297-g0ec75d9ef4 (webtiles) character file.

Game seed: 2731207317684674696

4166 Lobster4 the Changer (level 10, 0/77 HPs)
             Began as a Human Wanderer on Oct 19, 2022.
             Was an Initiate of Hepliaklqana.
             Slain by a shadow (10 damage)
             ... on level 6 of the Dungeon.
             The game lasted 00:33:05 (9106 turns).

Lobster4 the Changer (Human Wanderer)               Turns: 9106, Time: 00:33:06

Health: 0/77       AC:  6    Str: 13    XL:     10   Next: 53%
Magic:  18/18      EV: 13    Int: 19    God:    Hepliaklqana [......]
Gold:   463        SH:  0    Dex: 16    Spells: 12/20 levels left

rFire   . . .      SeeInvis .    a - +5 hammer "Gir Hij" {flame, rElec rC++}
rCold   + + .      Faith    .    (no shield)
rNeg    + . .      Spirit   .    S - +2 robe {Will+}
rPois   .          Reflect  .    (helmet currently unavailable)
rElec   +          Harm     .    n - +1 cloak
rCorr   .          Rampage  .    (no gloves)
Will    +....                    (boots currently unavailable)
Stlth   +.........               h - amulet of the acrobat
HPRegen 0.32/turn                o - +6 ring of intelligence
MPRegen 0.16/turn                A - ring of positive energy

@: appendages, wereblooded
A: horns 2, talons 2
a: End Transformation, Renounce Religion


You were on level 6 of the Dungeon.
You worshipped Hepliaklqana.
Hepliaklqana was noncommittal.
You had temporarily grown beastly horns and talons.
You visited 2 branches of the dungeon, and saw 8 of its levels.

You collected 515 gold pieces.
You spent 52 gold pieces at shops.

Inventory:

Hand Weapons
 a - the +5 hammer "Gir Hij" (weapon) {flame, rElec rC++}
   (You found it on level 2 of the Dungeon)

   It burns those it strikes, dealing additional fire damage.
   rC:        It greatly protects you from cold.
   rElec:     It insulates you from electricity.
 b - a +0 sling
 c - a +0 scythe
 d - a +0 longbow
 s - a +1 dagger of venom
 v - a +0 spear
 w - a +0 hammer of protection
 x - a +4 vorpal hammer
 R - a +2 short sword of venom
Missiles
 j - 83 stones (quivered)
 F - 4 javelins
 I - 4 poisoned darts
 K - a silver boomerang
Armour
 n - a +1 cloak (worn)
 q - a +0 helmet (melded)
 y - a +0 ring mail
 B - a +0 leather armour
 S - a +2 robe of willpower (worn)
Magical Staves
 P - a staff of conjuration
Jewellery
 h - an amulet of the acrobat (around neck)
 o - a +6 ring of intelligence (left hand)
 A - a ring of positive energy (right hand)
 H - a ring of positive energy
 J - a ring of fire
Wands
 L - a wand of roots (8)
 M - a wand of flame (18)
Scrolls
 e - a scroll of silence
 f - 2 scrolls of vulnerability {unknown}
 g - 2 scrolls of immolation
 k - a scroll of amnesia {unknown}
 l - 5 scrolls of teleportation
 m - a scroll of brand weapon
 p - 2 scrolls of magic mapping
 t - 2 scrolls of blinking {unknown}
 u - 2 scrolls of butterflies
 G - 2 scrolls of identify
 O - a scroll of poison
Potions
 i - 2 potions of curing
 r - a potion of flight
 z - 2 potions of ambrosia
 C - a potion of magic
 E - 3 potions of lignification
 N - a potion of haste
 Q - a potion of cancellation


   Skills:
 + Level 6.4 Fighting
 + Level 3.8 Maces & Flails
 - Level 2.0 Polearms
 - Level 2.0 Ranged Weapons
 - Level 2.0 Throwing
 - Level 3.0 Armour
 - Level 3.0 Dodging
 + Level 5.7 Spellcasting
 + Level 7.6 Transmutations
 - Level 3.0 Earth Magic
 + Level 3.9 Poison Magic
 - Level 3.0 Invocations
 - Level 3.0 Evocations


You had 12 spell levels left.
You knew the following spells:

 Your Spells              Type           Power      Damage    Failure   Level
a - Beastly Appendage     Tmut           68%        N/A       1%          1
b - Passwall              Tmut/Erth      20%        N/A       1%          2
c - Spider Form           Tmut/Pois      27%        N/A       3%          3
d - Wereblood             Tmut           34%        N/A       1%          2

Your spell library contained the following spells:

 Spells                   Type           Power      Damage    Failure   Level
 Gell's Gravitas          Tloc           5%         N/A       34%         3
 Inner Flame              Hex/Fire       5%         N/A       34%         3
 Lesser Beckoning         Tloc           10%        N/A       34%         3
 Teleport Other           Tloc           5%         N/A       34%         3
 Cause Fear               Hex            2%         N/A       75%         4
 Conjure Ball Lightning   Conj/Air       2%         3x3d6     100%        6
 Discord                  Hex            2%         N/A       100%        8
 Disjunction              Tloc           2%         N/A       100%        8


Dungeon Overview and Level Annotations

Branches:
Dungeon (7/15)             Temple (1/1) D:6

Altars:
Ashenzari
Cheibriados
Fedhas
Gozag
Hepliaklqana
Kikubaaqudgha
Nemelex Xobeh
Okawaru
Qazlal
Ru
Uskayaw
Vehumet
Wu Jian
Yredelemnul
Zin

Shops:
D:6 *

Annotations:
D:3 Terence
D:5 3 runed translucent doors, PRIMUS's ghost, novice AtFi


Innate Abilities, Weirdness & Mutations

You have temporarily grown beastly horns and talons.


Message History

You hit the shadow but do no damage. You claw the shadow, but do no damage.
You headbutt the shadow.
The shadow is almost destroyed.
The shadow slips into darkness.
The shadow flickers and vanishes!
You hit something but do no damage.
The shadow strikes at you from the darkness!
Reactivating autopickup.
You hit the shadow. You burn the shadow.
You feel a bit better.
You destroy the shadow!
The shadow strikes at you from the darkness!
* * * LOW HITPOINT WARNING * * *
You howl as the wereblood boils in your veins!
The shadow hits you.
* * * LOW HITPOINT WARNING * * *
You climb upwards.
There is a stone staircase leading down here.
You feel much better.
The shadow slips into darkness.
The shadow flickers and vanishes!
Deactivating autopickup; reactivate with Ctrl-A.
You hit something but do no damage. Your kick misses something.
Your headbutt misses something.
The shadow strikes at you from the darkness!
* * * LOW HITPOINT WARNING * * *
Reactivating autopickup.
You hit the shadow. You burn the shadow. Your kick misses the shadow.
You headbutt the shadow, but do no damage.
The shadow is moderately damaged.
The shadow hits you.
* * * LOW HITPOINT WARNING * * *
You barely miss the shadow. You claw the shadow, but do no damage.
The shadow is moderately damaged.
The shadow misses you.
You closely miss the shadow. You claw the shadow.
The shadow is heavily damaged.
The shadow hits you!
* * * LOW HITPOINT WARNING * * *
The shadow hits you!
You die...

######### #........
####### #........ #.....#
#........ ##### #.....#
##........ ....##
#.....###### #.........
.....##
#......W@?.#####.........
......#
#.)...####...............
......# #.#####
#..#####)>)##### ......#
#.# #.##.....#).....
......# #.#
####.##.###########
......# #.# #.....#.#
.....####.#####.......# #
..........##.##......## #
######....##.#####..##
####


You could see a shadow.

Vanquished Creatures
  Sigmund (D:2)
  A shadow (D:7)
  A wraith (D:7)
  A wyvern (D:7)
  Eustachio (D:5)
  Menkaure (D:4)
  Edmund (D:4)
  4 water moccasins (D:6)
  Duvessa (D:4)
  2 orc warriors (D:7)
  A black bear (D:4)
  A sky beast (D:7)
  3 ice beasts
  4 ogres
  2 centaurs (D:7)
  A phantom (D:7)
  2 bullfrogs
  A necrophage (D:5)
  A gnoll sergeant (D:7)
  3 scorpions
  A wight (D:7)
  Dowan (D:4)
  A killer bee (D:7)
  A jelly (D:6)
  5 hounds
  Crazy Yiuf (D:2)
  2 gnoll boudas
  4 iguanas
  4 orc wizards
  Natasha (twice) (D:3)
  Robin (D:2)
  14 gnolls
  3 adders
  3 worms
  3 dart slugs
  23 orcs
  12 endoplasms
  5 giant cockroaches
  12 goblins
  9 hobgoblins
  14 jackals
  2 quokkas
  6 ball pythons
  4 bats (D:1)
  2 frilled lizards
  5 kobolds
  3 rats
176 creatures vanquished.

Vanquished Creatures (others)
  2 plants (D:1)
  3 toadstools (D:6)
  2 withered plants (D:1)
7 creatures vanquished.

Grand Total: 183 creatures vanquished

Notes
Turn   | Place    | Note
-------+----------+-------------------------------------------
     0 | D:1      | Lobster4 the Human Wanderer began the quest for the Orb.
     0 | D:1      | Lobster4 set off with the following items: a +0 spear, a +0
                  | cloak, a potion of lignification, a +0 robe; and the
                  | following spell memorised: Beastly Appendage; and the
                  | following spells available to memorise: Passwall, Spider
                  | Form.
     0 | D:1      | Reached XP level 1. HP: 15/15 MP: 2/2
   195 | D:1      | Found a faded altar of an unknown god.
   286 | D:1      | Reached XP level 2. HP: 19/21 MP: 1/3
   434 | D:1      | Reached XP level 3. HP: 20/26 MP: 3/5
  1062 | D:2      | Found a stormy altar of Qazlal.
  1075 | D:2      | Learned a level 2 spell: Passwall
  1166 | D:2      | Noticed Sigmund
  1213 | D:2      | Killed Sigmund
  1214 | D:2      | Reached skill level 1 in Earth Magic
  1214 | D:2      | Reached XP level 4. HP: 17/34 MP: 6/8
  1214 | D:2      | Reached XP level 5. HP: 20/40 MP: 6/9
  1214 | D:2      | Reached XP level 6. HP: 23/46 MP: 6/10
  1222 | D:2      | Reached skill level 5 in Transmutations
  1702 | D:2      | Noticed Robin
  1712 | D:2      | Killed Robin
  1900 | D:2      | Found a runed translucent door.
  1901 | D:2      | Noticed Crazy Yiuf
  1909 | D:2      | Killed Crazy Yiuf
  1914 | D:2      | Identified the +5 hammer "Gir Hij" {flame, rElec rC++}
  2463 | D:3      | Learned a level 3 spell: Spider Form
  2465 | D:3      | Noticed Natasha
  2470 | D:3      | Killed Natasha
  2518 | D:3      | Noticed Natasha
  2525 | D:3      | Killed Natasha
  2526 | D:3      | Reached XP level 7. HP: 51/52 MP: 11/11
  2798 | D:3      | Noticed Terence
  3317 | D:4      | Reached skill level 1 in Maces & Flails
  3462 | D:4      | Noticed Menkaure
  3496 | D:4      | Reached skill level 1 in Armour
  3502 | D:4      | Reached skill level 1 in Poison Magic
  3926 | D:4      | Killed Menkaure
  3927 | D:4      | Reached XP level 8. HP: 60/60 MP: 13/13
  4065 | D:4      | Noticed Edmund
  4077 | D:4      | Killed Edmund
  4354 | D:4      | Noticed Duvessa
  4354 | D:4      | Noticed Dowan
  4370 | D:4      | Killed Duvessa
  4371 | D:4      | Killed Dowan
  4525 | D:5      | Entered Level 5 of the Dungeon
  4525 | D:5      | Noticed a two-headed ogre
  4525 | D:5      | Found a runed translucent gate.
  4525 | D:5      | Found a runed translucent gate.
  4527 | D:5      | Noticed PRIMUS's ghost (novice AtFi)
  4530 | D:5      | Reached skill level 6 in Transmutations
  4550 | D:5      | Found a runed translucent gate.
  5152 | D:5      | Reached XP level 9. HP: 55/66 MP: 13/15
  5314 | D:5      | Noticed Eustachio
  5333 | D:5      | Killed Eustachio
  5334 | D:5      | Reached skill level 1 in Ranged Weapons
  5611 | D:6      | Reached skill level 5 in Fighting
  5670 | D:6      | Found a staircase to the Ecumenical Temple.
  5679 | Temple   | Entered the Ecumenical Temple
  5965 | Temple   | Became a worshipper of Hepliaklqana the Forgotten
  6105 | D:6      | Found Diemuck's General Store.
  6119 | D:6      | Bought a scroll of poison for 52 gold pieces
  6174 | D:6      | Reached skill level 1 in Invocations
  6296 | D:6      | Reached skill level 1 in Evocations
  6622 | D:6      | Reached skill level 5 in Spellcasting
  6622 | D:6      | Reached skill level 7 in Transmutations
  6845 | D:6      | Reached skill level 1 in Throwing
  7084 | D:7      | Reached XP level 10. HP: 32/76 MP: 17/17
  7263 | D:7      | Learned a level 2 spell: Wereblood
  9106 | D:6      | Slain by a shadow

Illustrated notes

Levels and vault maps discovered:
D:1:      dpeg_arrival_radiant, layout_basic,
          shapermc_ecumenical_altar_flowoftime
D:2:      layout_loops_ring, basic_altar, uniq_crazy_yiuf_cottage, uniq_robin,
          uniq_sigmund
D:3:      layout_basic, uniq_terence, uniq_natasha
D:4:      dreamdust_elfheim, layout_loops_cross, uniq_menkaure, uniq_edmund
D:5:      layout_loops_ring, gammafunk_ghost_split, serial_bayou_ford_a,
          uniq_duvessa, uniq_eustachio
D:6:      layout_rooms, temple_statues, serial_shops, shop,
          minmay_gold_behind_fungi
D:7:      minmay_the_grid_octo_2x2 [minmay_the_grid_octo_focus,
          minmay_the_grid_octo_clover_2, minmay_the_grid_octo_thin_diamonds,
          minmay_the_grid_octo_prize_big_c], layout_basic, grunt_decor_arrowhead
Temple:   mainiacjoe_temple_cubbyholes

Skill      XL: |  1  2  3  4  5  6  7  8  9 10 |
---------------+-------------------------------+-----
Fighting       | 2 3 4 5 6 |  6.4
Spellcasting   | 2 3 4 5 |  5.7
Earth Magic    | 1 2 3 |  3.0
Transmutations | 5 6 7 |  7.6
Maces & Flails | 1 2 3 |  3.8
Armour         | 1 2 3 |  3.0
Poison Magic   | 1 2 3 |  3.9
Ranged Weapons | 2 |  2.0
Invocations    | 2 3 |  3.0
Evocations     | 2 3 |  3.0
Throwing       | 1 2 |  2.0
Dodging        | 3 |  3.0
Polearms       | |  2.0

Action                   |  1- 3 |  4- 6 |  7- 9 | 10-12 || total
-------------------------+-------+-------+-------+-------++-------
Melee: Spear             |   142 |    10 |       |       ||   152
       Kick              |    27 |    17 |    65 |    38 ||   147
       Headbutt          |    10 |    12 |    41 |    29 ||    92
       Punch             |     2 |     1 |     1 |     3 ||     7
       Halberd           |       |    49 |       |       ||    49
       Mace              |       |    17 |   203 |   145 ||   365
 Fire: Sling             |       |       |     7 |       ||     7
Throw: Dart              |       |       |     4 |     4 ||     8
       Boomerang         |       |       |     1 |       ||     1
       Stone             |       |       |       |     2 ||     2
 Cast: Beastly Appendage |    15 |    14 |    39 |    20 ||    88
       Wereblood         |       |       |       |     4 ||     4
Evoke: Wand              |       |       |     1 |       ||     1
  Use: Potion            |     3 |       |     1 |     2 ||     6
       Scroll            |       |     2 |    12 |     3 ||    17
 Stab: Sleeping          |     1 |       |     3 |       ||     4
Armor: Robe              |    19 |    15 |    12 |    33 ||    79
       Skin              |    14 |       |     2 |       ||    16
       Leather armour    |       |       |    35 |     1 ||    36
Dodge: Dodged            |    87 |    42 |   153 |   123 ||   405

Table legend: (Time is in decaauts)
 A = Elapsed time spent in this place.
 B = Non-inter-level travel time spent in this place.
 C = Inter-level travel time spent in this place.
 D = Time resting spent in this place.
 E = Time spent auto-exploring this place.
 F = Levels seen in this place.
 G = Mean time per level.
                   A        B        C        D        E       F      G
               +--------+--------+--------+--------+--------+-----+--------+
         Total |   9257 |   8823 |    434 |   2108 |   4588 |   8 | 1157.1 |
       Dungeon |   8940 |   8604 |    336 |   2108 |   4390 |   7 | 1277.1 |
        Temple |    316 |    218 |     98 |      0 |    198 |   1 |  316.0 |
               +--------+--------+--------+--------+--------+-----+--------+

Top non-repeatable levels by time:
     D:6: 1821 daAuts
     D:7: 1469 daAuts
     D:4: 1378 daAuts
     D:2: 1370 daAuts
     D:5: 1068 daAuts
     D:1: 1018 daAuts
     D:3: 814 daAuts
  Temple: 316 daAuts
